 Dungeon Crawl Stone Soup version 0.27-a0-676-gc1da3516c2 (webtiles) character file.

Game seed: 11983591226439999670

6402 Dreamer the Blocker (level 11, -5/87 HPs)
             Began as a Formicid Fighter on Mar 18, 2021.
             Was a Believer of Cheibriados.
             Slain by an eight-headed hydra (8 damage)
             ... on level 1 of the Lair of Beasts.
             The game lasted 00:37:24 (11081 turns).

Dreamer the Blocker (Formicid Fighter)             Turns: 11081, Time: 00:37:25

Health: -5/87      AC: 21    Str: 35    XL:     11   Next: 18%
Magic:  11/11      EV: 10    Int: 13    God:    Cheibriados [**....]
Gold:   836        SH: 14    Dex: 15    Spells: 10/10 levels left

rFire    . . .     SeeInvis +   H - +1 whip (elec)
rCold    . . .     Faith    .   c - +0 kite shield
rNeg     . . .     Spirit   .   L - +0 chain mail
rPois    .         Reflect  .   (helmet unavailable)
rElec    .         Harm     .   o - +0 cloak
rCorr    .         Rampage  .   v - +2 pair of gloves
Will     +....                  t - +0 pair of boots
Stlth    ..........             (no amulet)
HPRegen  0.24/turn              x - +4 ring of protection
MPRegen  0.12/turn              F - +6 ring of strength

@: mighty, very slow
A: permanent stasis, dig shafts and tunnels, antennae 3, four strong arms
a: Dig, Shaft Self, Renounce Religion, Bend Time


You were on level 1 of the Lair of Beasts.
You worshipped Cheibriados.
Cheibriados was pleased with you.
You visited 3 branches of the dungeon, and saw 11 of its levels.
You also visited: Ossuary.

You collected 836 gold pieces.

Inventory:

Hand Weapons
 a - a +0 flail
 E - a +0 morningstar
 H - a +1 whip of electrocution (weapon)
Armour
 c - a +0 kite shield (worn)
 o - a +0 cloak (worn)
 t - a +0 pair of boots (worn)
 v - a +2 pair of gloves (worn)
 L - a +0 chain mail (worn)
Magical Staves
 n - a staff of conjuration
 J - a staff of earth
Jewellery
 x - a +4 ring of protection (right hand)
 F - a +6 ring of strength (left hand)
Wands
 l - a wand of mindburst (1)
 B - a wand of acid (7)
 G - a wand of paralysis (10)
 K - a wand of flame (8)
Scrolls
 g - 2 scrolls of enchant armour {unknown}
 m - 2 scrolls of magic mapping {unknown}
 p - 3 scrolls of fear {unknown}
 r - 3 scrolls of brand weapon {unknown}
 s - 4 scrolls of fog {unknown}
 u - 4 scrolls of teleportation {unknown}
 y - 2 scrolls of vulnerability {unknown}
 D - 2 scrolls of amnesia {unknown}
Potions
 d - 2 potions of might
 e - 5 potions of magic
 h - 3 potions of curing
 j - a potion of mutation {unknown}
 q - a potion of cancellation {unknown}
 z - 2 potions of brilliance
 A - a potion of lignification {unknown}
 C - 3 potions of flight


   Skills:
 + Level 8.7 Fighting
 + Level 9.2 Maces & Flails
 + Level 8.7 Armour
 - Level 2.9 Dodging
 - Level 1.0 Stealth
 + Level 10.3 Shields


You had 10 spell levels left.
You didn't know any spells.
Your spell library contained the following spells:

 Spells                   Type           Power      Damage    Failure   Level
 Sting                    Tmut/Pois      0%         1d3       71%         1
 Poisonous Vapours        Pois/Air       0%         N/A       85%         2
 Ignite Poison            Fire/Tmut/Pois 0%         N/A       97%         3
 Mephitic Cloud           Conj/Pois/Air  0%         N/A       97%         3
 Olgreb's Toxic Radiance  Pois           0%         N/A       100%        4


Dungeon Overview and Level Annotations

Branches:
Dungeon (9/15)             Temple (1/1) D:5            Lair (1/6) D:9
Ossuary (visited)
    Orc: D:9-12

Altars:
Ashenzari
Cheibriados
Dithmenos
Elyvilon
Fedhas
Gozag
Hepliaklqana
Kikubaaqudgha
Makhleb
Nemelex Xobeh
Okawaru
Qazlal
Ru
Sif Muna
Trog
Uskayaw
Vehumet
Wu Jian
Xom
Yredelemnul
Zin
The Shining One

Shops:
D:8 [

Annotations:
D:8 exclusion: statue


Innate Abilities, Weirdness & Mutations

You cannot be hasted, slowed, berserked, paralysed or teleported.
You can dig through walls and to a lower floor.
You have a pair of large antennae on your head. (SInv)
Your four strong arms can wield two-handed weapons with a shield.


Message History

You whack the eight-headed hydra!
The eight-headed hydra is moderately wounded.
You block the eight-headed hydra's attack.
The eight-headed hydra misses you.
The eight-headed hydra closely misses you.
The eight-headed hydra bites you.
* * * LOW HITPOINT WARNING * * *
You block the eight-headed hydra's attack.
The eight-headed hydra bites you but does no damage.
The eight-headed hydra completely misses you.
The eight-headed hydra bites you!
* * * LOW HITPOINT WARNING * * *
Unknown command.
You feel better.
The eight-headed hydra bites you but does no damage.
You block the eight-headed hydra's attack. x2
The eight-headed hydra bites you but does no damage.
You block the eight-headed hydra's attack. x2
The eight-headed hydra bites you but does no damage.
The eight-headed hydra bites you.
* * * LOW HITPOINT WARNING * * *
You whack the eight-headed hydra!
The eight-headed hydra is moderately wounded.
You thrash the eight-headed hydra!!
The eight-headed hydra is severely wounded.
You block the eight-headed hydra's attack.
The eight-headed hydra bites you but does no damage.
You block the eight-headed hydra's attack. x2
The eight-headed hydra bites you but does no damage. x2
The eight-headed hydra closely misses you.
The eight-headed hydra barely misses you.
You whack the eight-headed hydra!
The eight-headed hydra is almost dead.
The eight-headed hydra bites you!
* * * LOW HITPOINT WARNING * * *
The eight-headed hydra bites you but does no damage.
You block the eight-headed hydra's attack.
The eight-headed hydra bites you but does no damage. x2
The eight-headed hydra bites you!
You die...

#..# .....
###..####.....
#.............
##......##..#.
#......##≈≈#.
##.......#≈≈≈.P
#.......###.#.#
##............##
#.#†@D##.......#
####...#.......#
#......≈≈≈≈.##
#......≈##≈..#.
#......≈##≈....
#......≈≈≈≈....
#..###.≈≈≈≈....
##.# #....=....
#.# #......#..


You could see an eight-headed hydra.

Vanquished Creatures
  Erica (D:9)
  A death yak (D:9)
  An unseen horror (D:7)
  Pikel (D:8)
  A cane toad (Lair:1)
  A komodo dragon (Lair:1)
  A troll (D:9)
  Sigmund (D:6)
  A basilisk (D:9)
  A steam dragon (D:7)
  A water moccasin (Lair:1)
  3 sky beasts
  The ghost of Rosaphim the Skirmisher, an amateur MiMo (D:3)
  3 black bears
  2 orc warriors
  An ogre (D:6)
  6 centaurs
  3 phantoms
  A kobold brigand (D:8)
  2 bullfrogs
  A water moccasin skeleton (D:6)
  A water moccasin zombie (D:8)
  A scorpion (D:5)
  5 killer bees (D:9)
  A howler monkey (D:6)
  A jelly (D:9)
  A gnoll shaman (D:7)
  2 orc priests
  3 centaur skeletons
  2 hounds (D:7)
  A bullfrog skeleton (D:5)
  3 orc wizards
  3 worker ants
  A killer bee zombie (D:7)
  A hound zombie (D:6)
  8 mummies (Ossuary)
  8 adders
  5 gnolls (D:7)
  2 white imps
  3 ufetubi
  An adder skeleton (D:6)
  3 worms
  2 dart slugs
  6 leopard geckos
  17 orcs
  4 ball pythons
  9 bats
  10 giant cockroaches
  A gnoll zombie (Ossuary)
  10 goblins
  11 hobgoblins
  6 jackals
  7 quokkas
  2 frilled lizards (D:1)
  2 hobgoblin zombies (Ossuary)
  A jackal skeleton (D:6)
  12 kobolds
  2 kobold zombies (Ossuary)
  3 orc zombies (Ossuary)
  A quokka zombie (D:5)
  8 rats
204 creatures vanquished.

Vanquished Creatures (others)
  An orc wizard (D:9)
  2 plants (Lair:1)
3 creatures vanquished.

Grand Total: 207 creatures vanquished

Notes
Turn   | Place    | Note
-------+----------+-------------------------------------------
     0 | D:1      | Dreamer the Formicid Fighter began the quest for the Orb.
     0 | D:1      | Reached XP level 1. HP: 18/18 MP: 1/1
   131 | D:1      | Reached XP level 2. HP: 24/24 MP: 2/2
   573 | D:1      | Reached skill level 4 in Shields
   653 | D:1      | Reached XP level 3. HP: 30/30 MP: 3/3
  1383 | D:2      | Reached XP level 4. HP: 28/37 MP: 4/4
  2420 | D:3      | Reached XP level 5. HP: 42/42 MP: 5/5
  2783 | D:3      | Found a runed translucent door.
  2794 | D:3      | Noticed Rosaphim's ghost (amateur MiMo)
  3709 | D:5      | Entered Level 5 of the Dungeon
  3729 | D:5      | Noticed a centaur
  3729 | D:5      | Noticed a phantom
  3746 | D:5      | Killed a centaur
  3747 | D:5      | Reached skill level 1 in Dodging
  3747 | D:5      | Reached skill level 5 in Shields
  3747 | D:5      | Reached XP level 6. HP: 20/48 MP: 6/6
  4018 | D:5      | Found a staircase to the Ecumenical Temple.
  4028 | Temple   | Entered the Ecumenical Temple
  4328 | D:5      | Reached XP level 7. HP: 37/55 MP: 7/7
  4528 | D:5      | Found a glowing golden altar of the Shining One.
  4528 | D:5      | Found a hide-covered altar of Uskayaw.
  4528 | D:5      | Found a shadowy altar of Dithmenos.
  4957 | D:6      | Reached skill level 5 in Maces & Flails
  5031 | D:6      | Reached skill level 6 in Shields
  5031 | D:6      | Reached XP level 8. HP: 46/61 MP: 8/8
  5296 | D:6      | Noticed Sigmund
  5523 | D:6      | Killed Sigmund
  5524 | D:6      | Reached skill level 5 in Armour
  5634 | D:6      | Reached skill level 5 in Fighting
  5773 | D:6      | Reached skill level 7 in Shields
  6399 | D:7      | Found a sand-covered staircase.
  6404 | Ossuary  | Entered an ossuary
  6547 | Ossuary  | Reached XP level 9. HP: 68/68 MP: 9/9
  6875 | D:7      | Found a shimmering blue altar of Sif Muna.
  6960 | D:7      | Reached skill level 1 in Stealth
  6978 | D:7      | Found a snail-covered altar of Cheibriados.
  6983 | D:7      | Became a worshipper of Cheibriados the Contemplative
  7107 | D:7      | Noticed an unseen horror
  7112 | D:7      | Killed an unseen horror
  7113 | D:7      | Reached skill level 8 in Shields
  7561 | D:7      | Reached * piety under Cheibriados
  7963 | D:8      | Reached XP level 10. HP: 71/77 MP: 10/10
  8070 | D:8      | Found Wagysuel's Antique Armour Emporium.
  8163 | D:8      | Noticed Pikel
  8183 | D:8      | Killed Pikel
  8432 | D:8      | Found a radiant altar of Vehumet.
  8665 | D:8      | Reached skill level 9 in Shields
  8998 | D:3      | Killed Rosaphim's ghost
  9364 | D:9      | Noticed Erica
  9385 | D:9      | Killed Erica
  9386 | D:9      | Noticed a death yak
  9407 | D:9      | Killed a death yak
  9659 | D:9      | Found a staircase to the Lair.
  9739 | D:9      | Reached ** piety under Cheibriados
  9745 | D:9      | Noticed an elephant
  9749 | D:9      | Noticed a centaur warrior
 10055 | D:9      | Reached XP level 11. HP: 86/86 MP: 11/11
 10499 | D:9      | Reached skill level 10 in Shields
 10809 | D:9      | Found a radiant altar of Vehumet.
 10883 | D:9      | Found a white marble altar of Elyvilon.
 10992 | Lair:1   | Entered Level 1 of the Lair of Beasts
 11065 | Lair:1   | Noticed an eight-headed hydra
 11081 | Lair:1   | HP: 3/87 [eight-headed hydra (10)]
 11081 | Lair:1   | Slain by an eight-headed hydra

Illustrated notes

Levels and vault maps discovered:
D:1:      dpeg_arrival_short_road, layout_basic, amethyst_killhole,
          minmay_indecisive_spiral
D:2:      layout_rooms, minmay_cupped
D:3:      layout_loops_ring, ebering_ghost_reflecting_pool
D:4:      layout_cave_pools
D:5:      layout_basic, gammafunk_temple_overflow_forgotten,
          minmay_temple_entry_statues_pillars
D:6:      layout_cave_pools, serial_glass, glass_columns_b, glass_columns_b,
          glass_columns_c, glass_columns_c, glass_columns_a, glass_columns_a,
          uniq_sigmund
D:7:      nzn_winding_woodlands_small [nzn_winding_woodlands_5x15_default,
          nzn_winding_woodlands_center_lodge,
          nzn_winding_woodlands_5x15_sawtooth], layout_loops_ring,
          lemuel_round_altar, kennysheep_little_box, enter_ossuary_5
D:8:      layout_loops_ring, vehumet_statue, serial_shops, shop, uniq_pikel
D:9:      layout_basic, overflow_temple_1_default, david_lair_generic,
          vehumet_altar_wand_db, uniq_erica
Temple:   regret_index_temple_generic_petals
Lair:1:   layout_gridlike

Skill      XL: |  1  2  3  4  5  6  7  8  9 10 11 |
---------------+----------------------------------+-----
Shields        | 4 5 6 7 8 9 10 | 10.3
Maces & Flails | 3 4 5 6 7 8 9 |  9.2
Fighting       | 4 5 6 8 |  8.7
Armour         | 4 5 6 8 |  8.7
Dodging        | 1 2 |  2.9
Stealth        | 1 |  1.0

Action                   |  1- 3 |  4- 6 |  7- 9 | 10-12 || total
-------------------------+-------+-------+-------+-------++-------
Melee: Flail             |   131 |   212 |   399 |    22 ||   764
       Whip              |       |       |       |   197 ||   197
 Abil: Dig               |       |     1 |     4 |     4 ||     9
  Use: Scroll            |       |       |     4 |     6 ||    10
       Potion            |       |       |     1 |     4 ||     5
Armor: Scale mail        |    49 |    92 |   160 |    60 ||   361
       Chain mail        |       |       |       |    20 ||    20
Dodge: Dodged            |    41 |    53 |   142 |    88 ||   324
Block: Kite shield       |    71 |   129 |   226 |   148 ||   574

Table legend: (Time is in decaauts)
 A = Elapsed time spent in this place.
 B = Non-inter-level travel time spent in this place.
 C = Inter-level travel time spent in this place.
 D = Time resting spent in this place.
 E = Time spent auto-exploring this place.
 F = Levels seen in this place.
 G = Mean time per level.
                   A        B        C        D        E       F      G
               +--------+--------+--------+--------+--------+-----+--------+
         Total |  12138 |  11581 |    557 |   2931 |   5629 |  12 | 1011.5 |
       Dungeon |  11441 |  10911 |    530 |   2931 |   5200 |   9 | 1271.2 |
        Temple |    276 |    249 |     27 |      0 |    249 |   1 |  276.0 |
          Lair |    110 |    110 |      0 |      0 |     31 |   1 |  110.0 |
       Ossuary |    309 |    309 |      0 |      0 |    148 |   1 |  309.0 |
               +--------+--------+--------+--------+--------+-----+--------+

Top non-repeatable levels by time:
     D:8: 1830 daAuts
     D:9: 1583 daAuts
     D:1: 1458 daAuts
     D:5: 1382 daAuts
     D:7: 1317 daAuts
     D:2: 1157 daAuts
     D:6: 1147 daAuts
     D:3: 1034 daAuts
     D:4: 529 daAuts
 Ossuary: 309 daAuts
  Temple: 276 daAuts
  Lair:1: 110 daAuts
